 Dungeon Crawl Stone Soup version 0.23-a0-171-g5ae17c6 (webtiles) character file.

53 Kikal the Conjurer (level 3, -4/15 HPs)
             Began as a Felid Conjurer on Sept 12, 2018.
             Slain by a worker ant (6 damage)
             ... on level 2 of the Dungeon.
             The game lasted 00:06:25 (2721 turns).

Kikal the Conjurer (Felid Conjurer)                 Turns: 2721, Time: 00:06:26

Health: -4/15      AC:  1    Str:  4    XL:     3   Next: 62%
Magic:  0/8        EV: 18    Int: 17    God:
Gold:   103        SH:  0    Dex: 16    Spells: 4/7 levels left
                                        Lives:  0   Deaths: 0

rFire    . . .     SeeInvis +   (weapon unavailable)
rCold    . . .     Gourm    .   (shield unavailable)
rNeg     . . .     Faith    .   (armour unavailable)
rPois    .         Spirit   .   (helmet unavailable)
rElec    .         Reflect  .   (cloak unavailable)
rCorr    .         Harm     .   (gloves unavailable)
MR       .....                  (boots unavailable)
Stlth    ++++......             (no amulet)
HPRegen  0.05/turn              i - ring of stealth
MPRegen  0.11/turn              (no ring)

@: very slightly contaminated, quick
A: very small, no armour, no weapons or thrown items, stealth, claws 1, fangs 3,
see invisible, carnivore, speed 1, shaggy fur 1, slow metabolism 1, sharp paws
a: no special abilities


You were on level 2 of the Dungeon.
You were very full.

You visited 1 branch of the dungeon, and saw 3 of its levels.

You collected 103 gold pieces.

Inventory:

Jewellery
 i - a ring of stealth (left paw)
Scrolls
 c - a scroll of immolation {unknown}
 e - a scroll of random uselessness {unknown}
 f - a scroll of enchant armour {unknown}
 g - 3 scrolls of remove curse {unknown}
 h - 2 scrolls of identify {unknown}
Potions
 a - a potion of resistance {unknown}
 d - a potion of lignification {unknown}
Comestibles
 b - 3 rations


   Skills:
 + Level 0.5 Fighting
 - Level 2.6 Dodging
 - Level 2.6 Stealth
 * Level 2.9 Spellcasting
 * Level 4.2 Conjurations


You had 4 spell levels left.
You knew the following spells:

 Your Spells              Type           Power        Failure   Level  Hunger
a - Magic Dart            Conj           ###.         3%          1    None
b - Searing Ray           Conj           ###...       4%          2    ##.....

Your spell library contained the following spells:

 Spells                   Type           Power        Failure   Level  Hunger
 Dazzling Spray           Conj/Hex       #.....       22%         3    ###....
 Iskenderun's Mystic Bla  Conj           ###.....     30%         4    ####...
 Force Lance              Conj/Tloc      #.......     58%         4    ####...
 Fulminant Prism          Conj/Hex       #.........   58%         4    ####...


Dungeon Overview and Level Annotations

Branches:
Dungeon (3/15)

Altars:

Annotations:
D:2 exclusion: centaur


Innate Abilities, Weirdness & Mutations

You cannot wear armour.
You are incapable of wielding weapons or throwing items.
Your paws allow you to move quietly. (Stealth)
You have sharp claws.
You have razor-sharp teeth.
You have supernaturally acute eyesight. (SInv)
You are carnivorous and can eat meat at any time.
You cover ground quickly.
You are covered in fur. (AC +1)
You have a slow metabolism.
Your sharp claws are effective at attacking unaware monsters.


Message History

The searing ray hits the worker ant.
The worker ant completely misses you. The worker ant barely misses you.
You now have 3/8 mp.
The searing ray hits the worker ant.
You finish channeling your searing ray.
You feel sick. The worker ant barely misses you.
You take 1 damage, and have 5/15 hp.
You now have 2/8 mp.
The worker ant barely misses you. The worker ant bites you.
* * * LOW HITPOINT WARNING * * *
You take 2 damage, and have 3/15 hp.
Aim: a worker ant (severely wounded)
The magic dart hits the worker ant.
The worker ant barely misses you.
You now have 1/8 mp.
Aim: a worker ant (severely wounded)
You miscast Magic Dart.
You are very lightly contaminated with residual magic.
Strange energies run through your body.
You feel sick.
You are no longer poisoned.
The worker ant misses you. The worker ant bites you.
You die...

'.........'.......####
#.........####....##
##.......## #......#
##.....## #.###>.#
##...## #.##...#
##+#######.##(..#
#....<....##...#
#.....^...##a#.# #
##.........##@#.# #
##...............# #
#..............### #
##..........#### #
##.........#
#####.........#
..............#
############### #


You could see a worker ant.

Vanquished Creatures
  An adder (D:2)
  An ooze (D:1)
  A worm (D:2)
  4 leopard geckos
  A ball python (D:1)
  4 bats (D:1)
  3 giant cockroaches
  2 goblins
  3 hobgoblins
  4 kobolds
  A quokka (D:2)
  2 frilled lizards (D:1)
  6 rats
33 creatures vanquished.

Notes
Turn   | Place    | Note
-------+----------+-------------------------------------------
     0 | D:1      | Kikal the Felid Conjurer began the quest for the Orb.
     0 | D:1      | Reached XP level 1. HP: 7/7 MP: 4/4
   347 | D:1      | Reached XP level 2. HP: 11/11 MP: 0/6
   837 | D:1      | Reached skill level 4 in Conjurations
   842 | D:1      | Learned a level 2 spell: Searing Ray
  1232 | D:2      | Reached XP level 3. HP: 14/14 MP: 0/8
  1609 | D:2      | Noticed a centaur
  2721 | D:2      | Slain by a worker ant

Vault maps used:
D:1:      tarquinn_simple_flora_water_b, minivault_11
D:2:      first_ration
D:3:      grunt_temple_overflow_cloverleaf

Skill      XL: |  1  2 |
---------------+-------+-----
Conjurations   | 4 |  4.2
Fighting       | |  0.5
Dodging        | |  2.6
Stealth        | |  2.6
Spellcasting   | |  2.9

Action                   || total
-------------------------++-------
Melee: Unarmed           ||    38
       Bite              ||     4
 Cast: Magic Dart        ||    72
       Searing Ray       ||     1
 Stab: Sleeping          ||     2
  Eat: Chunk             ||    10
Armor: Skin              ||     4
Dodge: Dodged            ||    58

Table legend:
 A = Non-vault XP
 B = Vault XP
 C = Vault XP percentage of total XP
 D = Non-vault monster count
 E = Vault monster count
 F = Vault count percentage of total count
                 A         B        C        D         E       F
            +---------+---------+-------+---------+---------+-------
      Total |      76 |       0 |   0.0 |      33 |       0 |   0.0
            +---------+---------+-------+---------+---------+-------
        D:1 |      37 |       0 |   0.0 |      19 |       0 |   0.0
        D:2 |      39 |       0 |   0.0 |      14 |       0 |   0.0
            +---------+---------+-------+---------+---------+-------
